 Dungeon Crawl Stone Soup version 0.17.1-2-g5865329 (webtiles) character file.

485 PossumBlood the Archer (level 6, -10/39 HPs)
             Began as a High Elf Hunter on Jan 29, 2016.
             Was a Follower of Okawaru.
             Killed by nerve-wracking pain
             ... invoked by an orc priest
              (12 damage)
             ... on level 4 of the Dungeon.
             The game lasted 00:09:54 (2616 turns).

PossumBlood the Archer (High Elf Hunter)            Turns: 2616, Time: 00:09:55

Health: -10/39     AC:  5    Str:  8    XL:     6   Next: 88%
Magic:  7/7        EV: 12    Int: 16    God:    Okawaru [*.....]
Gold:   127        SH:  0    Dex: 17    Spells: 0 memorised, 5 levels left

rFire  . . .     SeeInvis .     a - +2 shortbow
rCold  . . .     Clarity  .     c - +1 leather armour
rNeg   . . .     SustAt   .     (shield currently unavailable)
rPois  .         Gourm    .     (no helmet)
rElec  .         Spirit   .     n - +0 cloak
rCorr  +         Warding  .     (no gloves)
rMut   .         Stasis   .     (no boots)
MR     .....                    f - amulet of resist corrosion
Stlth  ++........               (no ring)
                                q - -3 ring of strength (curse)

@: flying, not resistant to hostile enchantments, unstealthy
A: no striking features
a: Heroism, Renounce Religion


You were on level 4 of the Dungeon.
You worshipped Okawaru.
Okawaru was aware of your devotion.
You were not hungry.

You visited 1 branch of the dungeon, and saw 4 of its levels.

You collected 127 gold pieces.

Inventory:

Hand Weapons
 a - a +2 shortbow (weapon)
 b - a +0 short sword
Missiles
 d - 7 arrows (quivered)
Armour
 c - a +1 leather armour (worn)
 n - a +0 cloak (worn)
Jewellery
 f - an amulet of resist corrosion (around neck)
 m - an uncursed amulet of regeneration {unknown}
 p - an uncursed amulet of resist mutation
 q - a cursed -3 ring of strength (left hand)
Scrolls
 k - a scroll of teleportation
Potions
 g - a potion of might {unknown}
 h - 3 potions of brilliance
 i - a potion of curing {unknown}
 j - a potion of flight
 l - a potion of magic
Miscellaneous
 r - a plain deck of summoning
Comestibles
 e - 2 bread rations
 o - 2 meat rations


   Skills:
 - Level 2.0 Fighting
 * Level 10.7 Bows
 - Level 2.1 Dodging
 - Level 1.1 Stealth


You had 5 spell levels left.
You didn't know any spells.

Dungeon Overview and Level Annotations

Branches:
Dungeon (4/15)             Temple (0/1) D:4

Altars:
Cheibriados
Nemelex Xobeh
Okawaru
Ru
Sif Muna


Message History

You shoot an arrow. The arrow barely misses the orc priest.
The arrow hits the orc.
The orc is almost dead.
Firing (i - inventory):
d - 8 arrows (quivered)
Press: ? - help, Shift-Dir - straight line, f/p - orc priest
Aim: an orc priest, wielding a club (heavily wounded)
You shoot an arrow.
The arrow hits the orc priest but does no damage.
The orc priest is heavily wounded.
The orc hits you but does no damage.
The orc priest invokes the aid of Beogh against you.
Something smites you!
* * * LOW HITPOINT WARNING * * *
Drink which item? (? for menu, Esc to quit)
It was a potion of flight.
You feel very buoyant.
You fly up into the air.
The orc priest calls down the wrath of Beogh upon you.
Pain shoots through your body!
You die...

#.#### #.# ..#
########### #.#
#.........###
#'###....(......#
....#........(..####
..............).o..+
..............(oo###
....#.........##@##
....#.........##))#
.<..#.........###)##
....#.........# #(†#
....#.........# ##.#
..###.........# #.#
..# #.........# #.##
#######.......##
#.(# .
....#........# ##.#


You could see an orc priest and 2 orcs.

Vanquished Creatures
  Sigmund (D:4)
  An ogre (D:4)
  A giant frog skeleton (D:3)
  An orc priest (D:4)
  2 orc wizards (D:4)
  A hound skeleton (D:4)
  4 adders
  An ooze (D:3)
  4 worms
  A giant gecko (D:4)
  4 orcs
  A ball python (D:2)
  A giant cockroach (D:2)
  4 goblins
  10 hobgoblins
  4 jackals (D:2)
  7 kobolds
  2 quokkas (D:2)
  10 bats
  3 giant newts
  5 rats
68 creatures vanquished.

Notes
Turn   | Place    | Note
--------------------------------------------------------------
     0 | D:1      | PossumBlood the High Elf Hunter began the quest for the Orb.
     0 | D:1      | Reached XP level 1. HP: 14/14 MP: 2/2
   254 | D:1      | Reached XP level 2. HP: 17/19 MP: 3/3
   403 | D:1      | Reached skill level 6 in Bows
   813 | D:2      | Found a sacrificial altar of Ru.
   814 | D:2      | Found an iron altar of Okawaru.
   819 | D:2      | Became a worshipper of Warmaster Okawaru
   881 | D:2      | Reached XP level 3. HP: 16/24 MP: 4/4
  1118 | D:2      | Reached skill level 7 in Bows
  1380 | D:2      | Found a snail-covered altar of Cheibriados.
  1579 | D:3      | Reached XP level 4. HP: 29/29 MP: 5/5
  1741 | D:3      | Found a sparkling altar of Nemelex Xobeh.
  1989 | D:3      | Reached skill level 8 in Bows
  2011 | D:3      | Reached XP level 5. HP: 25/34 MP: 6/6
  2184 | D:3      | Found a deep blue altar of Sif Muna.
  2261 | D:4      | Found a staircase to the Ecumenical Temple.
  2304 | D:4      | Noticed an ogre
  2311 | D:4      | Killed an ogre
  2311 | D:4      | Reached skill level 9 in Bows
  2446 | D:4      | Reached XP level 6. HP: 39/39 MP: 7/7
  2459 | D:4      | Reached * piety under Okawaru
  2567 | D:4      | Noticed Sigmund
  2595 | D:4      | Killed Sigmund
  2595 | D:4      | Reached skill level 10 in Bows
  2616 | D:4      | Killed from afar by an orc priest

Action                   |  1- 3 |  4- 6 || total
-------------------------+-------+-------++-------
Melee: Short sword       |       |     4 ||     4
 Fire: Shortbow          |   102 |   122 ||   224
  Use: Scroll            |     7 |     1 ||     8
       Potion            |       |     1 ||     1
  Eat: Pizza             |     1 |       ||     1
       Royal jelly       |       |     1 ||     1
       Bread ration      |       |     1 ||     1
